 Dungeon Crawl Stone Soup version 0.17.2-1-ge4368a0 (webtiles) character file.

4301 tidbits the Martial Artist (level 9, -3/74 HPs)
             Began as a Demigod Transmuter on Sept 19, 2017.
             Slain by a yak (17 damage)
             ... on level 10 of the Dungeon.
             The game lasted 00:39:01 (3528 turns).

tidbits the Martial Artist (Demigod Transmuter)     Turns: 3528, Time: 00:39:01

Health: -3/74      AC:  3    Str: 13    XL:     9   Next: 86%
Magic:  3/15       EV: 15    Int: 23    God:
Gold:   249        SH:  0    Dex: 16    Spells: 4 memorised, 1 level left

rFire  . . .     SeeInvis .       - Unarmed
rCold  . . .     Clarity  .     n - +1 robe
rNeg   . . .     SustAt   +     (shield currently unavailable)
rPois  .         Gourm    .     (no helmet)
rElec  .         Spirit   .     (no cloak)
rCorr  .         Warding  .     (gloves currently unavailable)
rMut   .         Stasis   .     (no boots)
MR     .....                    (no amulet)
Stlth  +.........               (no ring)
                                (no ring)

@: blade hands, very slightly contaminated, not resistant to hostile
enchantments, very unstealthy
A: high mp 1, sustain attributes
a: End Transformation


You were on level 10 of the Dungeon.
You were hungry.
You had blades for hands.
You visited 1 branch of the dungeon, and saw 11 of its levels.
You also visited: Sewer.

You collected 249 gold pieces.

Inventory:

Hand Weapons
 a - a +0 mace
   (You found it on level 1 of the Dungeon)
 b - a +2 hunting sling of freezing
   (You found it on level 2 of the Dungeon)
 m - a +0 dagger
   (You took it off a goblin on level 2 of the Dungeon)
 H - a +0 blowgun of evasion
   (You took it off a kobold in a sewer)
Missiles
 e - a throwing net (quivered) {!f}
 f - 48 arrows
 o - 5 sling bullets of flame
 u - 12 sling bullets
 y - 55 poisoned needles
Armour
 n - a +1 robe (worn)
Magical Staves
 v - an uncursed staff of power {unknown}
   (You found it on level 4 of the Dungeon)
Jewellery
 C - an uncursed ring of ice
   (You found it on level 6 of the Dungeon)
Wands
 N - a wand of magic darts (22)
   (You found it on level 9 of the Dungeon)
 O - a wand of confusion (21)
   (You found it on level 8 of the Dungeon)
 P - a wand of random effects (37)
   (You took it off a centaur on level 10 of the Dungeon)
Scrolls
 g - 2 scrolls of remove curse {unknown}
 j - 6 scrolls of teleportation
 r - a scroll of random uselessness {unknown}
 w - 2 scrolls of fear
 B - a scroll of amnesia {unknown}
 I - a scroll of recharging {unknown}
 J - a scroll of magic mapping {unknown}
 L - 3 scrolls of enchant armour
 M - a scroll of fog {unknown}
 Q - a scroll of silence {unknown}
 R - a scroll of immolation {unknown}
 S - a scroll of blinking {unknown}
Potions
 i - 2 potions of haste
 p - 2 potions of agility {unknown}
 s - 5 potions of heal wounds
 t - a potion of magic {unknown}
 x - 2 potions of brilliance
 A - a potion of poison {unknown}
 D - 8 potions of curing
 F - a potion of mutation {unknown}
 G - 2 potions of flight
 K - a potion of cancellation {unknown}
 T - a potion of might {unknown}
Books
 c - a book of Changes

   Spells                             Type                      Level
   a - Beastly Appendage              Transmutation                1
   b - Sticks to Snakes               Transmutation                2
   c - Spider Form                    Transmutation/Poison         3
   d - Ice Form                       Ice/Transmutation            4
   e - Blade Hands                    Transmutation                5
 z - a book of Transfigurations
   (You found it on level 10 of the Dungeon)

   Spells                             Type                      Level
   a - Stoneskin                      Transmutation/Earth          2
   b - Irradiate                      Conjuration/Transmutation    5
   c - Statue Form                    Transmutation/Earth          6
   d - Hydra Form                     Transmutation                6
   e - Dragon Form                    Transmutation                7
Comestibles
 d - 7 bread rations
 h - 2 meat rations
 k - 10 slices of pizza
 l - 2 beef jerkies
 E - 2 fruits


   Skills:
 + Level 5.6 Fighting
 - Level 4.9 Dodging
 + Level 8.5 Unarmed Combat
 - Level 2.1 Spellcasting
 - Level 8.1 Transmutations


You had one spell level left.
You knew the following spells:

 Your Spells              Type           Power        Failure   Level  Hunger
e - Beastly Appendage     Trmt           #####.       12%         1    None
h - Blade Hands           Trmt           #####.....   54%         5    ######.
k - Sticks to Snakes      Trmt           #####.....   14%         2    ##.....
p - Spider Form           Trmt/Pois      ###.......   45%         3    ###....


Dungeon Overview and Level Annotations

Branches:
Dungeon (11/15)
 Temple: D:4-7         Lair: D:8-11         Orc: D:9-12

Shops:
D:4 :   D:10 ?

Annotations:
D:10 exclusion: killer bee


Innate Abilities, Weirdness & Mutations

You have an increased reservoir of magic (+10% MP).
Your attributes are resistant to harm.


Message History

You miscast Blade Hands.
Your hair momentarily turns into snakes!
You are feeling hungry.
Casting: Blade Hands
Confirm with . or Enter, or press ? or * to list all spells.
Your hands turn into razor-sharp scythe blades.
The yak gores your adder!
Your adder barely misses the yak.
Your ball python bites the yak but does no damage.
Your adder closely misses the yak.
The yak closely misses you.
Your ball python bites the yak.
Your adder bites the yak.
The yak is poisoned.
Your adder poisons the yak!
Your adder bites the yak.
Your ball python bites the yak but does no damage.
The yak gores your ball python!!
Your ball python dies!
The yak gores you.
The yak bellows!
A yak comes into view.
You hear a bellow! x2
Your adder barely misses the yak.
Your adder bites the yak.
You slice the yak!!
The yak is heavily wounded.
Your adder bites the yak.
The yak barely misses you.
You slash the yak!
The yak is severely wounded.
Your adder bites the yak.
Your adder bites the yak but does no damage.
The yak gores you.
* * * LOW HITPOINT WARNING * * *
You slash the yak!
You kill the yak!
Your adder bites the yak but does no damage. x2
Your adder bites the yak.
The yak is poisoned.
Your adder poisons the yak!
Your adder bites the yak.
A yak comes into view.
You slash the yak!
The yak is severely wounded.
The yak misses you.
Your adder bites the yak.
The yak looks even sicker.
Your adder poisons the yak!
Your adder bites the yak.
You hit the yak but do no damage.
The yak is severely wounded.
The yak gores you!
* * * LOW HITPOINT WARNING * * *
Your adder bites the yak.
Your adder closely misses the yak.
A yak comes into view.
You slash the yak!
You kill the yak!
The yak gores your adder!
Your adder dies!
Unknown command.
Drink which item? (? for menu, Esc to quit)
Okay, then.
Read which item? (? for menu, Esc to quit)
Okay, then.
Your adder bites the yak.
You slice the yak!!
The yak is severely wounded.
You hear a loud, deep croak!
The yak gores you.
* * * LOW HITPOINT WARNING * * *
Your adder bites the yak.
You slash the yak!
You kill the yak!
Your adder bites the yak.
You hit the yak but do no damage.
The yak is moderately wounded.
Your adder bites the yak.
The yak gores you but does no damage.
A giant frog comes into view.
You hit the yak.
The yak is moderately wounded.
Your adder closely misses the yak.
The giant frog hits your adder.
Your adder dies!
The yak barely misses you.
You slash the yak!
The yak is heavily wounded.
You hit the yak. You slash the yak.
The yak is moderately wounded.
You slice the yak!!
You kill the yak!
You barely miss the giant frog. The giant frog misses you.
You slash the giant frog! Your slash misses the giant frog.
The giant frog is almost dead.
The giant frog closely misses you.
The giant frog hits you but does no damage.
You hit the giant frog.
You kill the giant frog!
You slash the yak!
The yak is severely wounded.
The yak closely misses you.
You barely miss the yak.
The yak is severely wounded.
The yak misses you.
You slash the yak!
The yak is almost dead.
You slice the yak!!
You kill the yak!
You barely miss the yak. The yak gores you!
* * * LOW HITPOINT WARNING * * *
You barely miss the yak. The yak gores you!
You die...

#.###.########.#..#
#.#.............#..#
##.###....#######..#
## ####.# #..# #.#
#..# #.# #..## #.#
##...##
#.######.....#
#.....@Y.....#
########.....#
##...## . #.####...$
#.Y...YY..
########∩.


You could see a yak.

Vanquished Creatures
  A spriggan (D:9)
  7 yaks (D:10)
  The ghost of Alipheese the Conjurer, an amateur NaWz (D:6)
  A hungry ghost (D:8)
  Menkaure (D:7)
  A hippogriff (D:10)
  A water moccasin (D:7)
  2 porcupines (D:9)
  2 ice beasts
  2 orc warriors
  A black bear (D:10)
  3 centaurs
  An ogre (D:4)
  3 giant frogs
  3 big kobolds
  2 scorpions
  A killer bee (D:10)
  The ghost of tidbits the Changer, a weakling DgTm (D:4)
  A wight (D:9)
  A giant frog zombie (D:10)
  An orc priest (D:7)
  2 iguanas
  A centaur skeleton (D:10)
  5 hounds
  Terence (D:3)
  2 orc wizards
  2 worker ants
  2 hound skeletons
  9 gnolls
  5 river rats
  8 adders
  16 orcs
  2 bats
  2 giant cockroaches
  3 goblins
  4 hobgoblins (D:3)
  4 ball pythons (Sewer)
  2 giant geckos
  3 giant newts
  17 kobolds
  A quokka (D:10)
  A quokka skeleton (D:3)
  22 rats
151 creatures vanquished.

Vanquished Creatures (collateral kills)
  The ghost of Rhok the Skirmisher, a novice HESk (D:4)
  Edmund (D:5)
  An ogre (D:8)
  A scorpion (D:6)
  2 wights (D:9)
  A hound (D:8)
  A giant frog skeleton (D:10)
  An orc priest (D:8)
  An orc wizard (D:6)
  A worker ant (D:10)
  An adder (D:6)
  A gnoll (D:6)
  A giant gecko (D:8)
  4 orcs
  4 kobolds
  A rat (Sewer)
23 creatures vanquished.

Vanquished Creatures (others)
  A plant (D:9)
1 creature vanquished.

Grand Total: 175 creatures vanquished

Notes
Turn   | Place    | Note
--------------------------------------------------------------
     0 | D:1      | tidbits the Demigod Transmuter began the quest for the Orb.
     0 | D:1      | Reached XP level 1. HP: 15/15 MP: 5/5
    21 | D:1      | Reached skill level 2 in Spellcasting
    60 | D:2      | Reached skill level 2 in Transmutations
   164 | D:3      | Reached XP level 2. HP: 16/22 MP: 7/7
   171 | D:3      | Reached skill level 3 in Transmutations
   171 | D:3      | Reached XP level 3. HP: 19/27 MP: 8/8
   184 | D:3      | HP: 1/27 [gnoll/whip (2)]
   300 | D:3      | Learned a level 2 spell: Sticks to Snakes
   304 | D:3      | Learned a level 3 spell: Spider Form
   416 | D:4      | Noticed tidbits's ghost (weakling DgTm)
   523 | D:4      | Noticed an ogre
   533 | D:4      | Killed an ogre
   533 | D:4      | Reached skill level 4 in Transmutations
   533 | D:4      | Reached XP level 4. HP: 34/34 MP: 2/9
   550 | D:4      | Found Muocuopnu's Book Boutique.
   552 | D:4      | Noticed Rhok's ghost (novice HESk)
   799 | D:3      | Noticed Terence
   811 | D:3      | Killed Terence
   811 | D:3      | Reached skill level 5 in Transmutations
   811 | D:3      | Reached XP level 5. HP: 21/39 MP: 3/10
   992 | D:4      | Killed tidbits's ghost
  1033 | D:2      | Found a burning altar of Makhleb.
  1118 | D:4      | Killed Rhok's ghost
  1118 | D:4      | Reached skill level 6 in Transmutations
  1118 | D:4      | Reached XP level 6. HP: 14/46 MP: 1/11
  1307 | D:5      | Entered Level 5 of the Dungeon
  1396 | D:6      | Reached skill level 7 in Transmutations
  1418 | D:6      | Noticed Alipheese's ghost (amateur NaWz)
  1442 | D:6      | Killed Alipheese's ghost
  1442 | D:6      | Reached XP level 7. HP: 41/51 MP: 8/13
  1706 | D:6      | Reached skill level 8 in Transmutations
  1748 | D:6      | Found a glowing drain.
  1759 | Sewer    | Entered a sewer
  1822 | Sewer    | Reached skill level 1 in Fighting
  1881 | Sewer    | Reached skill level 2 in Dodging
  1974 | Sewer    | Reached skill level 3 in Unarmed Combat
  2224 | D:6      | Reached skill level 2 in Fighting
  2283 | D:5      | Noticed Edmund
  2298 | D:5      | Killed Edmund
  2429 | D:5      | Reached XP level 8. HP: 60/62 MP: 9/14
  2515 | D:7      | Noticed Menkaure
  2525 | D:7      | Killed Menkaure
  2525 | D:7      | Reached skill level 4 in Unarmed Combat
  2573 | D:7      | Reached skill level 5 in Unarmed Combat
  2668 | D:8      | Reached skill level 6 in Unarmed Combat
  2784 | D:8      | Reached skill level 7 in Unarmed Combat
  2799 | D:8      | HP: 7/93 [orc priest/divine providence (12)]
  2882 | D:9      | Reached XP level 9. HP: 39/68 MP: 8/15
  2957 | D:9      | Reached skill level 8 in Unarmed Combat
  2974 | D:9      | Learned a level 5 spell: Blade Hands
  3058 | D:9      | Reached skill level 3 in Dodging
  3095 | D:10     | Entered Level 10 of the Dungeon
  3114 | D:10     | Reached skill level 3 in Fighting
  3230 | D:10     | Reached skill level 4 in Fighting
  3230 | D:10     | Reached skill level 4 in Dodging
  3489 | D:10     | Reached skill level 5 in Fighting
  3491 | D:10     | Found Kihif's Magic Scroll Shop.
  3528 | D:10     | Slain by a yak

Action                   |  1- 3 |  4- 6 |  7- 9 || total
-------------------------+-------+-------+-------++-------
Melee: Mace              |    14 |       |       ||    14
       Unarmed           |    18 |    93 |   302 ||   413
       Dagger            |     1 |       |       ||     1
 Fire: Hunting sling     |    32 |    21 |    27 ||    80
 Cast: Beastly Appendage |     5 |       |       ||     5
       Spider Form       |     2 |    13 |    31 ||    46
       Sticks to Snakes  |       |    10 |    37 ||    47
       Blade Hands       |       |       |     6 ||     6
 Abil: End Transformatio |       |     1 |     6 ||     7
  Use: Potion            |     2 |     2 |     4 ||     8
       Scroll            |       |     2 |     5 ||     7
 Stab: Distracted        |       |     1 |     3 ||     4
       Sleeping          |       |       |     1 ||     1
  Eat: Chunk             |       |     4 |    17 ||    21

Table legend:
 A = Turns spent in this place as a percentage of turns spent in the entire game.
 B = Non-inter-level travel turns spent in this place as a percentage of non-inter-level travel turns spent in the entire game.
 C = Inter-level travel turns spent in this place as a percentage of turns spent in this place.
 D = Turns resting spent in this place as a percentage of non-inter-level travel turns spent in this place.
 E = Turns spent auto-exploring this place as a percentage of non-inter-level travel turns spent in this place.
 F = Non-inter-level travel turns spent in this place divided by the number of levels of this place that you've seen.
                   A       B       C       D       E      F
               +-------+-------+-------+-------+-------+----------------------
         Total | 100.0 | 100.0 |   0.0 |   0.0 |   0.0 | 271.4
       Dungeon |  87.7 |  87.7 |   0.0 |   0.0 |   0.0 | 259.7
         Sewer |  12.3 |  12.3 |   0.0 |   0.0 |   0.0 | 400.0
               +-------+-------+-------+-------+-------+----------------------

Table legend:
 A = Kills in this place as a percentage of kills in entire the game.
 B = Kills by you in this place as a percentage of kills by you in the entire game.
 C = Kills by friends in this place as a percentage of kills by friends in the entire game.
 D = Other kills in this place as a percentage of other kills in the entire game.
 E = Experience gained in this place as a percentage of experience gained in the entire game.
 F = Experience gained in this place divided by the number of levels of this place that you have seen.
                   A       B       C       D       E      F
               +-------+-------+-------+-------+-------+----------------------
         Total | 100.0 | 100.0 | 100.0 |  -nan | 100.0 | 512.1
       Dungeon |  72.4 |  70.9 |  82.6 |  -nan |  95.0 | 530.5
         Sewer |  27.6 |  29.1 |  17.4 |  -nan |   5.0 | 310.0
               +-------+-------+-------+-------+-------+----------------------

Vault maps used:
D:1:      scummos_arrival_simple_fountains, minmay_close_crescents
D:2:      overflow_temple_1_default, first_bread, nicolae_ashenzari_panopticon,
          uniq_natasha
D:3:      uniq_terence
D:4:      serial_shops, nicolae_shop_temple_entry_statues_fountains,
          eino_tiny_chamber
D:5:      minmay_temple_entry_fiery, nicolae_tso_swordbearing_angel, uniq_edmund
D:6:      portal_sewer_entry_d
D:7:      basic_altar, uniq_duvessa, uniq_menkaure
D:8:      lemuel_castle_with_subvaults
D:9:      minmay_lair_entry_grove, grunt_pizzeria, kennysheep_big_empty_room
D:10:     serial_shops, shop, bloody_makhleb
D:11:     spider_trap
Sewer:    sewer_minmay_treatment
